 Dungeon Crawl Stone Soup version 0.31-a0-217-g58bb5d79cf (webtiles) character file.

Game seed: 11966816271423318000

249 qw the Chopper (level 6, -10/38 HPs)
             Began as a Gargoyle Fighter on July 2, 2023.
             Mangled by a mummy (11 damage)
             ... in an ossuary.
             The game lasted 00:01:23 (3355 turns).

qw the Chopper (Gargoyle Fighter)                   Turns: 3355, Time: 00:01:23

Health: -10/38     AC: 12    Str: 28    XL:     6   Next: 12%
Magic:  6/6        EV: 10    Int:  8    God:
Gold:   198        SH:  4    Dex:  9    Spells: 5/5 levels left

rFire   . . .        Y - +0 war axe (freeze)
rCold   . . .        c - +0 buckler
rNeg    + . .        b - +0 scale mail
rPois   inf          k - +0 helmet
rElec   +            (no cloak)
rCorr   .            (no gloves)
SInv    .            (no boots)
Will    .....        (no amulet) Stlth
                     f - +6 ring of strength
HPRegen 0.26/turn    (no ring)
MPRegen 0.10/turn

%: no passive effects
@: no status effects
A: sickness immunity, AC +4, negative energy resistance 1, electricity
resistance, torment resistance 1, petrification resistance
a: no special abilities


You were in an ossuary.
You visited 1 branch of the dungeon, and saw 4 of its levels.
You also visited: Ossuary.

You collected 198 gold pieces.


Innate Abilities, Weirdness & Mutations

You are immune to sickness and miasma.
Your stone body is resilient. (AC +4)
You are immune to poison.
You resist negative energy. (rN+)
You are resistant to electric shocks. (rElec)
You are resistant to unholy torment.
You are immune to petrification.


   Skills:
 - Level 4.0 Fighting
 - Level 5.2 Axes
 - Level 3.2 Armour
 + Level 0.7 Dodging
 - Level 3.2 Shields


You had 5 spell levels left.
You didn't know any spells.
Your spell library was empty.

Inventory:

Hand Weapons
 a - a +0 whip
 Y - a +0 war axe of freezing (weapon)
Armour
 b - a +0 scale mail (worn)
 c - a +0 buckler (worn)
 k - a +0 helmet (worn)
Jewellery
 f - a +6 ring of strength (left hand)
Scrolls
 n - a scroll of identify
Potions
 d - a potion of might
 g - a potion of attraction
 h - 2 potions of haste
 i - a potion of degeneration {unknown}
 j - a potion of magic {unknown}
 l - a potion of mutation {unknown}
 m - 2 potions of curing

Dungeon Overview and Level Annotations

Branches:
Dungeon (4/15)             Temple (0/1) D:4         Ossuary (1/1)

Altars:
Vehumet

Annotations:
D:3 1 runed translucent door, Crazy Yiuf


Message History

You hit the hobgoblin zombie.
The hobgoblin zombie is heavily damaged.
You hit the hobgoblin zombie. The hobgoblin zombie barely misses you.
The hobgoblin zombie hits you but does no damage.
You slash the hobgoblin zombie!
You destroy the hobgoblin zombie!
You hit the hobgoblin zombie. The hobgoblin zombie misses you.
You hit the hobgoblin zombie.
You destroy the hobgoblin zombie!
An orc zombie and 2 mummies come into view. 2 mummies and a hobgoblin zombie come into view.
You hit the orc zombie.
The orc zombie is moderately damaged.
You barely miss the mummy. You hit the mummy.
The mummy hits you but does no damage.
You slash the mummy! You freeze the mummy.
The mummy is almost destroyed.
You slash the orc zombie!
You destroy the orc zombie!
You barely miss the mummy. The mummy hits you! x2
You hit the mummy but do no damage.
The mummy is almost destroyed.
You barely miss the mummy. You hit the mummy. You freeze the mummy.
You destroy the mummy!
You hit the mummy but do no damage. You hit the hobgoblin zombie.
The mummy barely misses you.
The hobgoblin zombie hits you but does no damage.
You slash the hobgoblin zombie!
You destroy the hobgoblin zombie!
You barely miss the mummy. The mummy closely misses you.
You slash the mummy!
The mummy is severely damaged.
You slash the mummy! You hit the mummy. The mummy hits you! x2
You die...

..............
.............
...........
........#
......# #....#
#MMM.# #.@..#
#....# #....#
#....# #....#
#....# #.\\.#
######


You could see 3 mummies.

Vanquished Creatures
  A phantom (D:2)
  A hound (D:4)
  An iguana (D:4)
  A mummy (Ossuary)
  3 adders
  A worm (D:3)
  3 dart slugs
  An orc (D:4)
  6 ball pythons
  5 endoplasms
  5 giant cockroaches
  A goblin (D:1)
  13 hobgoblins
  4 quokkas
  4 bats
  A frilled lizard (D:3)
  4 hobgoblin zombies (Ossuary)
  8 kobolds
  4 orc zombies (Ossuary)
  5 rats
72 creatures vanquished.

Notes
Turn   | Place    | Note
-------+----------+-------------------------------------------
     0 | D:1      | qw the Gargoyle Fighter began the quest for the Orb.
     0 | D:1      | Reached XP level 1. HP: 14/14 MP: 1/1
     0 | D:1      | 0 ||| qw: Version: 0.3-a-40-ge99b1a8
     0 | D:1      | 0 ||| qw: Game counter: 235
     0 | D:1      | 0 ||| qw: Melee chars always use a shield: true
     0 | D:1      | 0 ||| qw: God list: Okawaru
     0 | D:1      | 0 ||| qw: Allow faded altars: false
     0 | D:1      | 0 ||| qw: Do Orc after clearing Dungeon:15 true
     0 | D:1      | 0 ||| qw: Do second Lair branch before Depths: true
     0 | D:1      | 0 ||| qw: Lair rune preference: random
     0 | D:1      | 0 ||| qw: Goals: Normal, Zot:1-4, Slime:5, God:TSO, Crypt,
                  | Tomb, Abyss, Pan, Hells, Win
     0 | D:1      | 0 ||| PLANNING D:1-11
   101 | D:1      | Reached skill level 2 in Axes
   116 | D:1      | Reached XP level 2. HP: 19/19 MP: 2/2
   704 | D:1      | 704 ||| READING scroll labelled LUMAIL MO AMMY.
   705 | D:1      | 705 ||| READING scroll labelled QAEQUL ZEMEO.
   709 | D:1      | 709 ||| READING scroll labelled WENGOBLENA.
   710 | D:1      | 710 ||| READING scroll labelled SOQOUZUOSI.
   711 | D:1      | 711 ||| DRINKING 2 pink potions.
   712 | D:1      | 712 ||| DRINKING 2 glowing white potions.
   771 | D:2      | Reached skill level 3 in Axes
   850 | D:2      | Noticed a phantom
   858 | D:2      | 858 ||| Stepping ~*~*~tactically~*~*~ (water).
   866 | D:2      | HP: 3/19 [phantom (3)]
   868 | D:2      | Killed a phantom
   869 | D:2      | Reached skill level 4 in Axes
   869 | D:2      | Reached XP level 3. HP: 4/23 MP: 3/3
   869 | D:2      | Reached XP level 4. HP: 5/28 MP: 4/4
  1319 | D:2      | Reached XP level 5. HP: 32/32 MP: 5/5
  1352 | D:2      | Found a radiant altar of Vehumet.
  1693 | D:2      | 1693 ||| DROPPING ring of wizardry.
  1694 | D:2      | 1694 ||| READING scroll labelled YBUCVEUTUL.
  1715 | D:2      | 1715 ||| DRINKING 2 smoky purple potions.
  1820 | D:2      | 1820 ||| DROPPING potion of berserk rage.
  1917 | D:3      | 1917 ||| DROPPING +0 club.
  2172 | D:3      | 2172 ||| Stepping ~*~*~tactically~*~*~ (hiding).
  2449 | D:3      | Found a runed translucent door.
  2450 | D:3      | Noticed Crazy Yiuf
  2807 | D:3      | 2807 ||| READING scroll labelled NECYRGH DUXTAXT.
  2808 | D:3      | 2808 ||| READING scroll labelled FIESOY SORROWE.
  2839 | D:4      | 2839 ||| PLANNING OSSUARY
  2891 | D:4      | 2891 ||| Stepping ~*~*~tactically~*~*~ (hiding).
  2894 | D:4      | 2894 ||| Stepping ~*~*~tactically~*~*~ (hiding).
  2895 | D:4      | 2895 ||| Stepping ~*~*~tactically~*~*~ (hiding).
  2897 | D:4      | 2897 ||| Stepping ~*~*~tactically~*~*~ (stealth).
  2908 | D:4      | Reached skill level 5 in Axes
  2975 | D:4      | Found a staircase to the Ecumenical Temple.
  2978 | D:4      | 2978 ||| READING scroll labelled HUNLEE OZIEQE.
  3020 | D:4      | 3020 ||| Stepping ~*~*~tactically~*~*~ (stealth).
  3244 | D:4      | 3244 ||| Stepping ~*~*~tactically~*~*~ (stealth).
  3256 | D:4      | Reached XP level 6. HP: 24/38 MP: 6/6
  3308 | D:4      | Found a sand-covered staircase.
  3309 | D:4      | 3309 ||| UPGRADING to +0 helmet.
  3314 | D:4      | 3314 ||| UPGRADING to +6 ring of strength.
  3315 | D:4      | 3315 ||| READING scroll labelled ILICAMME PIEBRUO.
  3316 | D:4      | 3316 ||| READING scroll labelled EDOAFAS PACUSA.
  3326 | Ossuary  | Entered an ossuary
  3355 | Ossuary  | HP: 1/38 [mummy (13)]
  3355 | Ossuary  | Mangled by a mummy

Levels and vault maps discovered:
D:1:      lemuel_arrival_broad_hall, layout_basic,
          chequers_serial_rivers_micro_a
D:2:      layout_loops_corners, basic_altar, kennysheep_generic_room_10
D:3:      layout_loops_ring, kennysheep_generic_room_8, uniq_crazy_yiuf_cottage
D:4:      layout_rooms, trog_wizard, temple_doors_e,
          nicolae_ossuary_entry_ruins, hangedman_decor_slide_cut, st_stairs_3,
          chequers_serial_rivers_room_a, uniq_duvessa
Ossuary:  ossuary_tomb_3

Skill      XL: |  1  2  3  4  5 |
---------------+----------------+-----
Axes           | 2 4 5 |  5.2
Fighting       | 4 |  4.0
Armour         | |  3.2
Dodging        | |  0.7
Shields        | |  3.2

Action                     |  1- 3 |  4- 6 || total
---------------------------+-------+-------++-------
  Melee: War axe           |    70 |    99 ||   169
    Use: Scroll            |     4 |     6 ||    10
         Potion            |     2 |     1 ||     3
 Armour: Scale mail        |    31 |    31 ||    62
  Dodge: Dodged            |    25 |    28 ||    53
  Block: Buckler           |    10 |    17 ||    27

Table legend:
 A = Non-vault XP
 B = Vault XP
 C = Vault XP percentage of total XP
 D = Non-vault monster count
 E = Vault monster count
 F = Vault count percentage of total count
                 A         B        C        D         E       F
            +---------+---------+-------+---------+---------+-------
      Total |     328 |      28 |   7.9 |      61 |      11 |  15.3
            +---------+---------+-------+---------+---------+-------
        D:1 |      29 |       0 |   0.0 |      17 |       0 |   0.0
        D:2 |     156 |       0 |   0.0 |      13 |       0 |   0.0
        D:3 |      33 |       0 |   0.0 |      17 |       0 |   0.0
        D:4 |     110 |       2 |   1.8 |      14 |       2 |  12.5
    Ossuary |       0 |      26 | 100.0 |       0 |       9 | 100.0
            +---------+---------+-------+---------+---------+-------
